 Dungeon Crawl Stone Soup version 0.29.1-12-g30fa7ad0bf (webtiles) character file.

Game seed: 4927844858165171525

118 mortz the Cudgeller (level 5, -1/34 HPs)
             Began as a Gargoyle Monk on Dec 14, 2022.
             Slain by Grinder (3 damage)
             ... on level 3 of the Dungeon on Dec 15, 2022.
             The game lasted 00:13:59 (3528 turns).

mortz the Cudgeller (Gargoyle Monk)                 Turns: 3528, Time: 00:14:00

Health: -1/34      AC: 16    Str: 17    XL:     5   Next: 2%
Magic:  5/5        EV:  4    Int: 10    God:
Gold:   151        SH:  3    Dex: 12    Spells: 4/4 levels left

rFire   . . .      SeeInvis .   a - +0 mace
rCold   . . .      Faith    .   q - +0 buckler
rNeg    + . .      Spirit   .   k - +0 plate armour
rPois   ∞          Reflect  .   l - +0 helmet
rElec   +          Harm     .   (no cloak)
rCorr   .          Rampage  .   (no gloves)
Will    .....                   t - +0 pair of boots
Stlth   ..........              (no amulet)
HPRegen 0.11/turn               (no ring)
MPRegen 0.09/turn               (no ring)

@: no status effects
A: sickness immunity, AC +4, negative energy resistance 1, electricity
resistance, torment resistance 1, petrification resistance
a: no special abilities


You were on level 3 of the Dungeon.
You visited 1 branch of the dungeon, and saw 3 of its levels.

You collected 151 gold pieces.

Inventory:

Hand Weapons
 a - a +0 mace (weapon)
 b - a +0 hand axe
 d - a +0 long sword
Missiles
 n - 6 javelins (quivered)
 r - 45 stones
 u - 9 poisoned darts
Armour
 k - a +0 plate armour (worn)
 l - a +0 helmet (worn)
 q - a +0 buckler (worn)
 t - a +0 pair of boots (worn)
Scrolls
 h - a scroll of teleportation
 i - a scroll of brand weapon {unknown}
 j - 3 scrolls of torment
 m - a scroll of blinking {unknown}
 p - a scroll of poison {unknown}
 x - a scroll of fear {unknown}
 y - a scroll of identify
Potions
 c - a potion of ambrosia
 e - 3 potions of invisibility
 f - a potion of attraction
 g - a potion of cancellation {unknown}
 o - a potion of curing
 s - 2 potions of heal wounds
 v - 3 potions of brilliance
 w - a potion of berserk rage {unknown}
 z - a potion of flight {unknown}


   Skills:
 * Level 4.4 Fighting
 * Level 4.8 Maces & Flails
 - Level 2.4 Dodging
 - Level 2.1 Stealth


You had 4 spell levels left.
You didn't know any spells.
Your spell library contained the following spells:

 Spells                   Type           Power      Damage    Failure   Level
 Gell's Gravitas          Tloc           0%         N/A       100%        3
 Lesser Beckoning         Tloc           0%         N/A       100%        3
 Teleport Other           Tloc           0%         N/A       100%        3
 Passage of Golubria      Tloc           0%         N/A       100%        4
 Silence                  Hex/Air        0%         N/A       100%        5
 Lehudib's Crystal Spear  Conj/Erth      0%         10d2      100%        8


Dungeon Overview and Level Annotations

Branches:
Dungeon (3/15) Zot: 14412

Altars:

Annotations:
D:3 Grinder


Innate Abilities, Weirdness & Mutations

You are immune to sickness and miasma.
Your stone body is resilient. (AC +4)
You are immune to poison.
You resist negative energy. (rN+)
You are resistant to electric shocks. (rElec)
You are resistant to unholy torment.
You are immune to petrification.


Message History

Grinder comes into view.
Grinder shouts!
Grinder blinks!
You hit Grinder.
Grinder is lightly wounded.
Grinder blinks!
Grinder says, "DUCK!"
Grinder hits you.
You writhe in agony.
You hit Grinder.
Grinder is moderately wounded.
You barely miss Grinder.
Grinder is moderately wounded.
Grinder gestures at you.
You suddenly lose the ability to move!
Grinder completely misses you.
You can move again.
You closely miss Grinder.
Grinder is moderately wounded.
Grinder barely misses you.
You barely miss Grinder.
Grinder is moderately wounded.
You barely miss Grinder.
Grinder is moderately wounded.
You closely miss Grinder.
Grinder is moderately wounded.
Grinder hits you!
You writhe in agony.
Grinder hits you.
You writhe in agony.
* * * LOW HITPOINT WARNING * * *
You closely miss Grinder.
Grinder is moderately wounded.
You hit Grinder.
Grinder is moderately wounded.
Grinder barely misses you.
You hit Grinder but do no damage.
Grinder is moderately wounded.
You barely miss Grinder.
Grinder is moderately wounded.
Grinder hits you!
* * * LOW HITPOINT WARNING * * *
You writhe in agony.
You die...

##################
................>#
#.###### #5# #)#
#@# #.##### #.#
......# #.#
......# #.#
......# #.#
......# #.#
......# #.#
#.##### #.# #.#
#.#


You could see Grinder.

Vanquished Creatures
  2 adders
  3 dart slugs
  4 ball pythons
  10 endoplasms
  3 giant cockroaches
  11 goblins
  5 hobgoblins
  12 jackals
  7 kobolds
  4 quokkas
  9 bats
  4 frilled lizards
  9 rats
83 creatures vanquished.

Notes
Turn   | Place    | Note
-------+----------+-------------------------------------------
     0 | D:1      | mortz the Gargoyle Monk began the quest for the Orb.
     0 | D:1      | Reached XP level 1. HP: 14/14 MP: 1/1
   163 | D:1      | Found a large runed translucent door.
   163 | D:1      | Found a large runed translucent door.
   297 | D:1      | Reached XP level 2. HP: 19/19 MP: 2/2
   927 | D:1      | Reached XP level 3. HP: 24/24 MP: 3/3
  1799 | D:1      | Reached XP level 4. HP: 24/29 MP: 4/4
  2206 | D:2      | Found a faded altar of an unknown god.
  3367 | D:3      | Reached XP level 5. HP: 31/34 MP: 5/5
  3510 | D:3      | Noticed Grinder
  3518 | D:3      | Paralysed by Grinder for 3 turns
  3528 | D:3      | Slain by Grinder

Illustrated notes

Levels and vault maps discovered:
D:1:      erik_arrival_cave_to_civilisation [erik_arrival_cave_to_temple],
          layout_basic
D:2:      layout_basic, shapermc_ecumenical_altar_mp_highgroup,
          supply_closet_lemuel
D:3:      layout_basic, uniq_grinder

Skill      XL: |  1  2  3 |
---------------+----------+-----
Maces & Flails | 4 |  4.8
Fighting       | 4 |  4.4
Dodging        | |  2.4
Stealth        | |  2.1

Action                   |  1- 3 |  4- 6 || total
-------------------------+-------+-------++-------
Melee: Mace              |   126 |   116 ||   242
       Punch             |     1 |       ||     1
Throw: Stone             |     3 |       ||     3
       Javelin           |       |     1 ||     1
  Use: Potion            |     1 |       ||     1
       Scroll            |       |     8 ||     8
Armor: Robe              |    30 |       ||    30
       Plate armour      |    54 |    99 ||   153
Dodge: Dodged            |    72 |    20 ||    92
Block: Buckler           |     3 |    20 ||    23
